 Dungeon Crawl Stone Soup version 0.31-a0-801-gc67433417a (webtiles) character file.

Game seed: 1516897507957533853

25 Ivernyr the Slasher (level 3, -3/18 HPs)
             Began as a Vine Stalker Gladiator on Sept 20, 2023.
             Slain by Sigmund
             ... wielding a +0 scythe
              (7 damage)
             ... on level 2 of the Dungeon.
             The game lasted 00:02:02 (1194 turns).

Ivernyr the Slasher (Vine Stalker Gladiator)        Turns: 1194, Time: 00:02:03

Health: -3/18      AC:  5    Str: 16    XL:     3   Next: 6%
Magic:  0/4        EV: 12    Int:  8    God:
Gold:   30         SH:  0    Dex: 17    Spells: 2/2 levels left

rFire   . . .        a - +0 long sword
rCold   . . .        (no shield)
rNeg    . . .        b - +0 leather armour
rPois   .            c - +0 helmet
rElec   .            (no cloak)
rCorr   .            k - +0 pair of gloves
SInv    .            (no boots)
Will    .....        (no amulet)
Stlth   +            (no ring)
HPRegen 1.03/turn    (no ring)
MPRegen 0.09/turn

%: guardian spirit
@: no status effects
A: fangs 2, regeneration 1, magic shield, antimagic bite, no potion heal 2
a: no special abilities


You were on level 2 of the Dungeon.
You visited 1 branch of the dungeon, and saw 2 of its levels.

You collected 30 gold pieces.

Inventory:

Hand Weapons
 a - a +0 long sword (weapon)
Missiles
 d - 3 throwing nets (quivered)
 e - a javelin
Armour
 b - a +0 leather armour (worn)
 c - a +0 helmet (worn)
 k - a +0 pair of gloves (worn)
Jewellery
 j - a ring of fire
Scrolls
 f - a scroll of enchant weapon {unknown}
 g - a scroll of fog {unknown}
 h - a scroll of enchant armour {unknown}
 l - a scroll of immolation {unknown}
Potions
 i - a potion of might {unknown}


   Skills:
 + Level 2.1 Fighting
 * Level 3.1 Long Blades
 - Level 1.7 Throwing
 + Level 0.6 Armour
 + Level 2.6 Dodging


You had 2 spell levels left.
You didn't know any spells.
Your spell library contained the following spells:

 Spells                   Type           Power      Damage    Failure   Level
 Sublimation of Blood     Necr           0%         N/A       63%         2
 Wereblood                Tmut           0%         N/A       63%         2
 Summon Hydra             Summ           0%         N/A       100%        7


Dungeon Overview and Level Annotations

Branches:
Dungeon (2/15)

Altars:

Annotations:
D:2 Sigmund


Innate Abilities, Weirdness & Mutations

You have extremely sharp teeth.
Your natural rate of healing is unusually fast.
When hurt, damage is shared between your health and your magic reserves.
Your bite disrupts and absorbs the magic of your enemies.
Potions cannot restore your health.


Message History

You add the spells Sublimation of Blood, Wereblood and Summon Hydra to your library.
Sigmund the Dreaded comes into view.
He is wielding a +0 scythe and wearing a +1 robe of fire resistance.
Sigmund shouts!
Sigmund closely misses you.
You closely miss Sigmund. Sigmund gestures at you while chanting.
You are confused.
You barely miss Sigmund. Sigmund closely misses you.
You miss Sigmund. Sigmund hits you but does no damage.
Sigmund gestures wildly while chanting.
Sigmund flickers and vanishes!
Deactivating autopickup; reactivate with Ctrl-A.
You bump into the rock wall.
Something hits you.
You feel less confused. Something hits you! Something barely misses you.
Something hits you.
Something tries to affect you, but you resist.
A magic dart appears from out of thin air!
The magic dart hits you.
A puff of flame appears from out of thin air!
The puff of flame misses you.
Sigmund gestures wildly while chanting.
Sigmund flickers and vanishes!
You hear some strange, mumbled words.
Something tries to affect you, but you resist.
Something hits you but does no damage. Something hits you.
You barely miss something. Something hits you but does no damage.
You closely miss something. You bite something. You drain its magic.
You feel invigorated. Something hits you!
You miss something. You hit something. Your bite misses something.
Something hits you.
You closely miss something. Your bite misses something. Something hits you.
You hit something but do no damage. Your bite misses something.
Something hits you!
* * * LOW HITPOINT WARNING * * *
You completely miss something. Something hits you!
You die...

#.##.......####
#.####.##.....#
#......##.#####
#.#######.#####
#.# ##.##..#
#.# #.....##
#.# #......#
#.######.....##
#...@........#
##.#####...<..#
#...####.######
#.....##.#
#...#.##.#
##.......#
#.......#
##.#....# ##
#^###..###...#


There were no monsters in sight!

Vanquished Creatures
  A worm (D:2)
  3 ball pythons (D:1)
  3 bats (D:1)
  A giant cockroach (D:1)
  2 goblins (D:1)
  4 hobgoblins (D:1)
  A quokka (D:1)
  2 kobolds (D:1)
  3 rats (D:1)
20 creatures vanquished.

Notes
Turn   | Place    | Note
-------+----------+-------------------------------------------
     0 | D:1      | Ivernyr the Vine Stalker Gladiator began the quest for the
                  | Orb.
     0 | D:1      | Reached XP level 1. HP: 11/11 MP: 2/2
   258 | D:1      | Reached XP level 2. HP: 15/15 MP: 1/3
   361 | D:1      | Reached skill level 3 in Long Blades
  1084 | D:2      | Reached XP level 3. HP: 16/18 MP: 4/4
  1112 | D:2      | Noticed Sigmund
  1194 | D:2      | Slain by Sigmund

Illustrated notes

Levels and vault maps discovered:
D:1:      psy_arrival_radial02, layout_basic
D:2:      layout_loops_cross, reono_crystal_passage, nicolae_grassy_gnolls,
          uniq_sigmund, uniq_crazy_yiuf_cottage

Skill      XL: |  1  2 |
---------------+-------+-----
Fighting       | 2 |  2.1
Long Blades    | 3 |  3.1
Throwing       | |  1.7
Armour         | |  0.6
Dodging        | |  2.6

Action                     || total
---------------------------++-------
  Melee: Long sword        ||    66
         Bite              ||    10
         Punch             ||     1
 Armour: Leather armour    ||    48
  Dodge: Dodged            ||    58

Table legend: (Time is in decaauts)
 A = Elapsed time spent in this place.
 B = Non-inter-level travel time spent in this place.
 C = Inter-level travel time spent in this place.
 D = Time resting spent in this place.
 E = Time spent auto-exploring this place.
 F = Levels seen in this place.
 G = Mean time per level.
                   A        B        C        D        E       F      G
               +--------+--------+--------+--------+--------+-----+--------+
         Total |   1210 |   1185 |     25 |      0 |    912 |   2 |  605.0 |
       Dungeon |   1210 |   1185 |     25 |      0 |    912 |   2 |  605.0 |
               +--------+--------+--------+--------+--------+-----+--------+

Top non-repeatable levels by time:
     D:1: 1069 daAuts
     D:2: 141 daAuts
